 Dungeon Crawl Stone Soup version 0.27-a0-262-gc50aac273e (console) character file.

Game seed: 16745853191326700260

(classic levelgen) 1459 Duffy the Chopper (level 8, -4/69 HPs)
             Began as a Naga Fighter on Feb 4, 2021.
             Was an Initiate of Cheibriados.
             Killed from afar by Maggie (25 damage)
             ... with a bolt of fire
             ... on level 6 of the Dungeon.
             The game lasted 00:07:59 (6709 turns).

Duffy the Chopper (Naga Fighter)                    Turns: 6709, Time: 00:08:00

Health: -4/69      AC:  7    Str: 20    XL:     8   Next: 76%
Magic:  8/8        EV:  6    Int: 10    God:    Cheibriados [......]
Gold:   266        SH: 10    Dex: 13    Spells: 7/7 levels left

rFire    . . .     SeeInvis +   a - +0 war axe
rCold    + . .     Faith    .   c - +0 kite shield
rNeg     . . .     Spirit   .   b - +0 scale mail
rPois    +         Reflect  .   i - +0 helmet
rElec    .         Harm     .   (no cloak)
rCorr    .         Rampage  .   (no gloves)
Will     ++...                  (no barding)
Stlth    ..........             (no amulet)
HPRegen  0.21/turn              n - ring of willpower
MPRegen  0.11/turn              A - ring of protection from cold

@: very slow
A: large, see invisible, deformed body, poison resistance, slowness 2, spit
poison 1, AC +2
a: Spit Poison, Renounce Religion, Bend Time


You were on level 6 of the Dungeon.
You worshipped Cheibriados.
Cheibriados was noncommittal.
You visited 2 branches of the dungeon, and saw 7 of its levels.
You also visited: Ossuary.

You collected 536 gold pieces.
You spent 270 gold pieces at shops.

Inventory:

Hand Weapons
 a - a +0 war axe (weapon)
Missiles
 s - 3 curare-tipped darts (quivered)
Armour
 b - a +0 scale mail (worn)
 c - a +0 kite shield (worn)
 i - a +0 helmet (worn)
Jewellery
 n - a ring of willpower (left hand)
 A - a ring of protection from cold (right hand)
Wands
 l - a wand of mindburst (14)
Scrolls
 e - a scroll of noise {unknown}
 f - 4 scrolls of teleportation
 g - a scroll of enchant armour {unknown}
 h - a scroll of fear {unknown}
 j - 3 scrolls of amnesia {unknown}
 k - 2 scrolls of blinking
 o - a scroll of identify
 p - a scroll of magic mapping
 v - 2 scrolls of remove curse
 w - a scroll of enchant weapon {unknown}
 y - 2 scrolls of fog {unknown}
 z - a scroll of random uselessness {unknown}
Potions
 d - 3 potions of might
 m - 3 potions of curing
 r - a potion of haste
 t - 3 potions of lignification
 u - a potion of mutation
 x - a potion of resistance {unknown}


   Skills:
 - Level 3.0 Fighting
 + Level 7.5 Axes
 - Level 2.4 Armour
 + Level 6.6 Shields
 - Level 2.0 Evocations


You had 7 spell levels left.
You didn't know any spells.
Your spell library contained the following spells:

 Spells                   Type           Power        Failure   Level
 Magic Dart               Conj           0%           88%         1
 Sandblast                Erth           0%           88%         1
 Passwall                 Tmut/Erth      0%           95%         2
 Searing Ray              Conj           0%           95%         2
 Dazzling Flash           Conj/Hex       0%           99%         3
 Stone Arrow              Conj/Erth      0%           99%         3
 Fulminant Prism          Conj/Hex       0%           100%        4
 Iskenderun's Mystic Bla  Conj/Tloc      0%           100%        4
 Petrify                  Tmut/Erth      0%           100%        4
 Bolt of Magma            Conj/Fire/Erth 0%           100%        5
 Iskenderun's Battlesphe  Conj           0%           100%        5
 Lee's Rapid Deconstruct  Erth           0%           100%        5
 Iron Shot                Conj/Erth      0%           100%        6
 Orb of Destruction       Conj           0%           100%        7
 Spellforged Servitor     Conj/Summ      0%           100%        7


Dungeon Overview and Level Annotations

Branches:
Dungeon (6/15)             Temple (1/1) D:5         Ossuary (visited)

Altars:
Ashenzari
Cheibriados
Dithmenos
Elyvilon
Fedhas
Gozag
Hepliaklqana
Kikubaaqudgha
Makhleb
Nemelex Xobeh
Okawaru
Qazlal
Ru
Sif Muna
Trog
Uskayaw
Vehumet
Wu Jian
Xom
Yredelemnul
Zin
The Shining One

Shops:
D:6 *=?!(

Annotations:
D:4 Grinder
D:6 Maggie


Innate Abilities, Weirdness & Mutations

You cannot wear boots.
Your serpentine skin is tough. (AC +2)
You have supernaturally acute eyesight. (SInv)
Armour fits poorly on your strangely shaped body.
Your system is resistant to poisons. (rPois)
You cover ground very slowly.
You can spit poison.


Message History

Maggie is heavily wounded.
Maggie points at you and mumbles some strange words.
The bolt of fire hits you!
* * * LOW HITPOINT WARNING * * *
Aiming: Iceblast
Press: ? - help, Shift-Dir - straight line The mass of ice explodes!
The iceblast engulfs Maggie!
Maggie is heavily wounded.
The now-empty wand crumbles to dust.
You block Maggie's attack.
Aiming: Mindburst
Press: ? - help, Shift-Dir - straight line, f - Maggie
Aim: Maggie, wielding a +0 long sword and wearing +0 steam dragon scales (severely wounded, very poisoned, slow, chance to affect: 74%) Maggie's mind is blasted!!
Aiming: Mindburst
Press: ? - help, Shift-Dir - straight line, f/p - Maggie
Aim: Maggie, wielding a +0 long sword and wearing +0 steam dragon scales (almost dead, very poisoned, slow, chance to affect: 74%) Maggie struggles to resist.
Maggie gestures at you while chanting. The bolt of fire hits you!!
You die...

.####.# ### .# #.### #..#
.# #...## ##..# .##
###..## 8..# ..### ##..##
#..# ....#####..####..#
.##...........<..##
###......###.##...##
###.PP....##...#.@@#
.##.P\P..........#....#
.....PP.########.####....
###[.......#........# ###
########..........#
###........# ##########


You could see Maggie (very poisoned, slow).

Vanquished Creatures
  Menkaure (D:6)
  2 ogres
  A phantom (D:5)
  3 bullfrogs (D:6)
  A wyvern zombie (D:6)
  2 scorpions (D:4)
  2 orc priests
  A hound (D:4)
  A centaur skeleton (D:6)
  An iguana (D:5)
  Ijyb (D:3)
  7 orc wizards
  4 big kobold zombies (Ossuary)
  3 hound zombies
  3 mummies
  A worker ant zombie (D:5)
  Robin (D:2)
  5 gnolls
  An adder (D:6)
  A shadow imp (D:5)
  An ufetubus (D:6)
  2 oozes
  4 adder zombies (Ossuary)
  2 adder skeletons (D:5)
  A worm (D:4)
  A dart slug (D:1)
  3 leopard geckos
  11 orcs
  2 ball pythons
  4 giant cockroaches
  18 goblins
  10 hobgoblins
  2 jackals (D:5)
  5 quokkas
  5 bats
  5 frilled lizards
  A goblin zombie (D:4)
  5 hobgoblin zombies (Ossuary)
  A jackal skeleton (D:6)
  7 kobolds
  6 kobold zombies (Ossuary)
  7 orc zombies
  A quokka zombie (D:6)
  13 rats
159 creatures vanquished.

Vanquished Creatures (others)
  2 fungi (D:2)
  7 plants (D:3)
  4 toadstools (D:2)
13 creatures vanquished.

Grand Total: 172 creatures vanquished

Notes
Turn   | Place    | Note
-------+----------+-------------------------------------------
     0 | D:1      | Duffy the Naga Fighter began the quest for the Orb.
     0 | D:1      | Reached XP level 1. HP: 21/21 MP: 1/1
   194 | D:1      | Reached XP level 2. HP: 28/28 MP: 2/2
   893 | D:1      | Reached XP level 3. HP: 32/34 MP: 3/3
  1163 | D:2      | Reached skill level 3 in Axes
  1320 | D:2      | Noticed an ogre
  1321 | D:2      | Noticed Robin
  1331 | D:2      | Killed an ogre
  1332 | D:2      | Reached XP level 4. HP: 17/42 MP: 4/4
  1332 | D:2      | Reached XP level 5. HP: 20/49 MP: 5/5
  1373 | D:2      | HP: 2/49 [Robin/+0 spear (1)]
  1375 | D:2      | Killed Robin
  1376 | D:2      | Reached skill level 4 in Axes
  2153 | D:3      | Noticed Ijyb
  2164 | D:3      | Killed Ijyb
  2538 | D:3      | Reached XP level 6. HP: 51/56 MP: 6/6
  2610 | D:3      | Reached skill level 1 in Evocations
  2739 | D:3      | Found a faded altar of an unknown god.
  3137 | D:4      | Found a sand-covered staircase.
  3220 | Ossuary  | Entered an ossuary
  3287 | Ossuary  | Reached skill level 5 in Axes
  3287 | Ossuary  | Reached XP level 7. HP: 44/62 MP: 7/7
  3825 | D:4      | Reached skill level 5 in Shields
  4033 | D:4      | Noticed Grinder
  4041 | D:5      | Entered Level 5 of the Dungeon
  4634 | D:5      | Found a staircase to the Ecumenical Temple.
  4647 | Temple   | Entered the Ecumenical Temple
  4937 | Temple   | Became a worshipper of Cheibriados the Contemplative
  5090 | D:5      | Reached skill level 6 in Axes
  5415 | D:5      | Reached XP level 8. HP: 39/69 MP: 8/8
  5689 | D:6      | Was placed under penance by Cheibriados
  5694 | D:6      | Was forgiven by Cheibriados
  5700 | D:6      | HP: 3/69 [bullfrog (2)]
  5701 | D:6      | HP: 1/69 [bullfrog (3)]
  5707 | D:6      | HP: 3/69 [bullfrog (3)]
  6006 | D:6      | Reached skill level 7 in Axes
  6054 | D:6      | Found Miplod's Distillery.
  6061 | D:6      | Bought a potion of heal wounds for 70 gold pieces
  6076 | D:6      | Noticed Menkaure
  6085 | D:6      | Killed Menkaure
  6326 | D:6      | Found Mioj's Magic Scroll Emporium.
  6384 | D:6      | Found Rehe's Antique Weapon Boutique.
  6612 | D:6      | Found an opulent altar of Gozag.
  6636 | D:6      | Found Sicicw's Assorted Antiques.
  6642 | D:6      | Bought a scroll labelled GUFETUTWAD for 25 gold pieces
  6642 | D:6      | Bought a scroll labelled GUFETUTWAD for 25 gold pieces
  6642 | D:6      | Bought a crooked iron wand for 100 gold pieces
  6642 | D:6      | Bought a scroll of identify for 50 gold pieces
  6653 | D:6      | Found Imarihum's Jewellery Shoppe.
  6696 | D:6      | Noticed Maggie
  6709 | D:6      | Killed from afar by Maggie

Illustrated notes

Levels and vault maps discovered:
D:1:      wander_arrival_desolate, layout_loops_ring, nrook_mini_backslash,
          minmay_rat_gold_closets
D:2:      minmay_angry_zag, layout_basic, minmay_gold_behind_fungi, uniq_robin
D:3:      layout_loops_ring, chequers_ecumenical_altar_lobes, uniq_ijyb
D:4:      layout_cave_pools, nicolae_ossuary_entry_giza, chequers_avenue,
          uniq_grinder
D:5:      layout_loops_ring, minmay_temple_entry_drinking_statues
D:6:      layout_rooms, nicolae_gozag_cash_rules_everything_around_me,
          serial_shops, shop, shop, nicolae_shop_stone, shop,
          nicolae_shop_overgrown_old_shop, serial_corexii_hall,
          chequers_hall_statues_corner_a, corexii_hall_statues_l,
          lightli_minifort, uniq_menkaure, uniq_maggie
Temple:   roderic_octagonal_lattice_temple

Skill      XL: |  1  2  3  4  5  6  7  8 |
---------------+-------------------------+-----
Shields        | 3 4 5 6 |  6.6
Axes           | 3 4 5 6 7 |  7.5
Evocations     | 2 |  2.0
Fighting       | |  3.0
Armour         | |  2.4

Action                   |  1- 3 |  4- 6 |  7- 9 || total
-------------------------+-------+-------+-------++-------
Melee: War axe           |    84 |    40 |   245 ||   369
       Hand axe          |     7 |   151 |       ||   158
Throw: Dart              |       |       |    10 ||    10
 Abil: Spit Poison       |     8 |    10 |    10 ||    28
Evoke: Wand              |       |       |     5 ||     5
  Use: Scroll            |     4 |     3 |     2 ||     9
       Potion            |     3 |       |     4 ||     7
Armor: Scale mail        |    32 |    73 |   102 ||   207
       Skin              |       |    40 |       ||    40
Dodge: Dodged            |    20 |    43 |    53 ||   116
Block: Kite shield       |    54 |   121 |   142 ||   317

Table legend: (Time is in decaauts)
 A = Elapsed time spent in this place.
 B = Non-inter-level travel time spent in this place.
 C = Inter-level travel time spent in this place.
 D = Time resting spent in this place.
 E = Time spent auto-exploring this place.
 F = Levels seen in this place.
 G = Mean time per level.
                   A        B        C        D        E       F      G
               +--------+--------+--------+--------+--------+-----+--------+
         Total |   8610 |   8418 |    192 |    365 |   6580 |   8 | 1076.2 |
       Dungeon |   7575 |   7431 |    144 |    365 |   5744 |   6 | 1262.5 |
        Temple |    438 |    391 |     47 |      0 |    389 |   1 |  438.0 |
       Ossuary |    596 |    596 |      0 |      0 |    446 |   1 |  596.0 |
               +--------+--------+--------+--------+--------+-----+--------+

Top non-repeatable levels by time:
     D:5: 1510 daAuts
     D:2: 1477 daAuts
     D:6: 1392 daAuts
     D:3: 1263 daAuts
     D:1: 1181 daAuts
     D:4: 750 daAuts
 Ossuary: 596 daAuts
  Temple: 438 daAuts
